AoeStats
← [CL] Al3jandr0.magn00

Runestones

507353618Analyzed
1v1 RM · 14d ago on Sep 17, 2026· 27m 3s· 2 players
Game mode
Random Map
Map size
Tiny (2 player)
Population
200
Speed
Normal
Resources
Standard
Victory
Conquest
Starting age
Dark Age
Ending age
Imperial Age
RankedLock teamsTeams togetherTeam positionsShared explorationLock speedFull tech treeHidden civsTurbo modeCheats
Victory
Defeat
🇦🇷 Ethiopians · Argentina
1880
+10
🇨🇦 Bohemians · Canada
1749
-10
Daniela
5:55 Loom
9:18 Feudal Age
10:28 Double-Bit Axe
12:27 Fletching
23:35 Castle Age
22:30 Padded Archer Armor
23:37 Crossbowman
25:11 Bodkin Arrow
[CL] Al3jandr0.magn00
6:46 Loom
9:07 Feudal Age
9:09 Man-at-Arms
10:37 Double-Bit Axe
13:58 Fletching
21:07 Castle Age
19:24 Gold Mining
19:33 Horse Collar
21:13 Crossbowman
21:49 Bodkin Arrow
22:28 Bow Saw
23:48 Ballistics
26:01 Padded Archer Armor
27:01 Wheelbarrow
Connection lost

Rejoining the realm…

Still unreachable

The connection could not be restored.

Session expired

The server has moved on; the page needs a fresh start.